Map: Jagannatha LE

Players

TeebuL - Winner!

  • Race: Protoss Protoss

RiSky

  • Race: Zerg Zerg

Event: DreamHack SC2 Masters 2021 Winter

VOD

Have the link to the VOD?

Description

Time

  • Played on: Sept. 29, 2021, 5:52 a.m.
  • Length: 8:18

All games in this series

Show
View Real Time Build Order
Export as new Build Order

TeebuL Protoss - Winner!

Build Orders: 1 Gate Expand, Oracle Opening, Zealot Archon, Archon Drop 

Get SALT Encoding   

  12  0:00  Probe  
  13  0:12  Probe  
  14  0:20  Pylon  
  14  0:24  Probe  
  15  0:38  Probe (Chrono Boost)  
  15  0:40  Gateway  
  16  0:48  Probe (Chrono Boost), Assimilator  
  17  0:53  Probe (Chrono Boost)  
  18  1:04  Probe  
  19  1:16  Probe  
  20  1:25  Nexus  
  20  1:34  Cybernetics Core  
  20  1:38  Probe  
  21  1:45  Assimilator  
  21  1:50  Probe  
  22  1:54  Pylon  
  22  2:02  Probe  
  23  2:10  Stalker (Chrono Boost)  
  23  2:14  Probe  
  26  2:21  Stargate  
  26  2:26  Probe  
  27  2:30  Adept (Chrono Boost)  
  27  2:35  Warp Gate  
  29  2:37  Probe  
  29  2:40  Probe  
  31  2:49  Probe  
  32  2:52  Probe  
  33  3:01  Probe, Oracle (Chrono Boost)  
  37  3:08  Gateway  
  37  3:09  Probe  
  38  3:13  Probe  
  38  3:17  Adept  
  41  3:21  Probe  
  41  3:25  Pylon  
  42  3:27  Probe  
  42  3:31  Oracle (Chrono Boost)  
  46  3:43  Probe x2  
  48  3:55  Probe x2  
  48  4:01  Assimilator  
  48  4:02  Assimilator  
  50  4:03  Robotics Facility, Pylon  
  50  4:08  Probe x2  
  51  4:20  Probe x2  
  50  4:27  Twilight Council  
  50  4:29  Gateway  
  50  4:32  Probe (Chrono Boost), Gateway  
  50  4:34  Probe (Chrono Boost), Adept  
  50  4:35  Adept  
  56  4:44  Probe (Chrono Boost)  
  58  4:48  Probe (Chrono Boost)  
  58  4:49  Probe (Chrono Boost)  
  58  4:50  Pylon  
  58  4:51  Warp Prism  
  61  5:04  Templar Archives  
  61  5:09  Nexus  
  61  5:14  Pylon x2  
  61  5:24  Probe  
  62  5:32  Probe  
  63  5:39  Shield Battery  
  63  5:43  High Templar x4  
  71  5:51  Gateway  
  71  5:52  Archon, Charge (Chrono Boost), Gateway x3, Pylon  
  71  5:53  Archon  
  71  6:00  Probe  
  72  6:11  Immortal (Chrono Boost)  
  72  6:13  Probe x2  
  72  6:15  Pylon  
  78  6:18  Sentry  
  78  6:19  Pylon  
  80  6:26  Sentry  
  82  6:40  Sentry  
  82  6:41  Zealot x2  
  82  6:43  Pylon  
  82  6:44  Pylon  
  88  6:51  Observer  
  88  6:53  Zealot x5  
  98  7:00  Probe x3  
  102  7:12  Probe x2  
  104  7:17  Zealot x8  
  104  7:21  Pylon  
  112  7:44  Zealot x8  
  108  7:46  Immortal (Chrono Boost)  
  108  7:50  Probe x3 (Chrono Boost)  
  110  8:04  Zealot x2  
  110  8:05  Zealot x4  
Show
View Real Time Build Order
Export as new Build Order

RiSky Zerg 

Build Orders: Hatch First 

Get SALT Encoding   

  12  0:00  Drone  
  13  0:12  Overlord  
  13  0:17  Drone  
  14  0:30  Drone x2  
  16  0:48  Hatchery  
  15  0:52  Drone  
  15  0:55  Drone  
  17  0:59  Drone  
  18  1:09  Extractor  
  17  1:14  Spawning Pool  
  17  1:17  Drone  
  17  1:20  Drone  
  18  1:28  Drone  
  19  1:38  Drone  
  20  1:49  Overlord  
  20  2:01  Zergling x4, Queen x2  
  26  2:10  Drone  
  26  2:11  Drone  
  26  2:12  Metabolic Boost  
  28  2:22  Drone  
  29  2:24  Drone  
  30  2:34  Drone  
  31  2:39  Hatchery  
  31  2:44  Drone  
  31  2:47  Queen  
  33  2:53  Overlord  
  33  2:56  Drone x2  
  35  2:59  Drone  
  35  3:04  Overlord  
  36  3:11  Drone  
  37  3:22  Drone x2  
  37  3:23  Drone x2  
  40  3:28  Zergling x2  
  40  3:29  Overlord  
  40  3:31  Queen  
  43  3:37  Overlord  
  43  3:44  Queen  
  43  3:47  Spore Crawler  
  42  3:49  Spore Crawler  
  42  3:53  Drone x2  
  43  3:58  Zergling x4  
  43  3:59  Drone x3  
  48  4:03  Drone x2  
  48  4:08  Overlord, Drone  
  51  4:11  Spore Crawler  
  51  4:14  Spore Crawler  
  47  4:22  Drone x2  
  45  4:26  Drone  
  45  4:27  Drone  
  47  4:32  Spore Crawler  
  47  4:36  Drone x2  
  47  4:37  Drone  
  47  4:38  Drone  
  50  4:47  Drone x2  
  50  4:48  Overlord  
  50  4:50  Roach Warren  
  50  4:52  Zergling x2  
  52  4:56  Drone  
  53  5:00  Drone x4  
  53  5:02  Extractor  
  53  5:03  Drone  
  53  5:05  Extractor  
  53  5:06  Drone  
  57  5:07  Drone  
  59  5:14  Overlord, Drone  
  59  5:17  Lair  
  60  5:21  Drone  
  60  5:24  Drone x4  
  60  5:28  Drone  
  65  5:29  Drone  
  65  5:30  Overlord  
  65  5:32  Drone  
  66  5:36  Drone x2  
  66  5:37  Drone x2  
  66  5:39  Drone  
  66  5:40  Drone  
  66  5:42  Drone x2  
  74  5:46  Roach  
  74  5:47  Evolution Chamber  
  77  5:50  Roach x2  
  77  5:53  Roach  
  77  5:56  Roach x2  
  85  5:59  Zergling x4  
  85  6:02  Overlord  
  85  6:03  Drone x3  
  90  6:07  Drone  
  90  6:08  Drone  
  90  6:09  Extractor, Drone  
  90  6:10  Drone  
  93  6:13  Drone  
  93  6:14  Zerg Missile Weapons Level 1  
  93  6:15  Queen  
  93  6:16  Extractor  
  93  6:18  Extractor  
  94  6:19  Drone x2  
  94  6:20  Drone  
  97  6:26  Drone  
  97  6:28  Hatchery  
  96  6:35  Overlord  
  96  6:43  Overlord  
  96  6:46  Overlord x3  
  96  6:49  Overlord x2  
  96  6:53  Roach  
  96  6:56  Overlord x2  
  96  6:59  Overlord  
  96  7:05  Roach x3  
  96  7:07  Roach x2  
  105  7:12  Roach x3  
  105  7:14  Roach  
  105  7:15  Ravager x4  
  115  7:18  Roach  
  115  7:22  Roach x3  
  123  7:26  Roach  
  123  7:27  Roach x2  
  121  7:31  Roach x2  
  121  7:42  Roach x5  
  121  7:45  Roach x3  
  111  7:55  Roach x5  

Tags
 
Add a new tag
Caveats
  • Supply blocks, unpowered buildings, or Contaminate may cause inaccurate times.
  • Supply counts are checked every 10 seconds.